cohdb
Replays
Latest Replays
All Replays
Popular Replays
Top Player Replays
Match Explorer
How It Works
Community
CoH3 Stats
Reddit
Sign in to upload your games and track your stats! →
Sign in with Steam
Match 44873506
Unlisted
Match 44873506
Overview
Messages
Build Orders
End
Kettenkrad Recon Vehicle
Selects Italian Coastal Battlegroup
Selects Coastal Reserves
Coastal Reserve
Construct Infanterie Kompanie
Coastal Reserve
Coastal Reserve
MG 42 Machine Gun Team
Selects Artillery Officer
Construct Luftwaffe Kompanie
Artillery Officer
Selects Support Bunkers
Flak 30 Anti-aircraft Gun Team
Selects Rapid Fortifications
Rapid Fortifications
Support Elements
Anti-tank Bunker
Marder III M Tank Destroyer
Rapid Fortifications
Medical Bunker
Jäger Squad
Rapid Fortifications
Anti-tank Bunker
Selects Obice da 210/22 Artillery Emplacement
Coastal Reserve
Selects Call the Reserves!
Rapid Fortifications
MG 42 Bunker
Rapid Fortifications
Anti-tank Bunker
Construct Panzer Kompanie
Sturmpanzer IV Brummbär
Kettenkrad Recon Vehicle
Rapid Fortifications
Rapid Fortifications
Anti-tank Bunker
Stormless
Grunka Lunka
Razarak
[Legio I Germanica] -=]bUc$[=-
0
0
Comments
sign in to comment!
No comments posted yet!